 Dungeon Crawl Stone Soup version 0.27-a0-1381-g81fdcbfb23 (webtiles) character file.

Game seed: 1456728060010760896

42 Nattfarinn the Vexing (level 3, -1/27 HPs)
             Began as a Formicid Arcane Marksman on June 30, 2021.
             Slain by an adder (2 damage)
             ... on level 2 of the Dungeon.
             The game lasted 00:02:40 (1421 turns).

Nattfarinn the Vexing (Formicid Arcane Marksman)    Turns: 1421, Time: 00:02:40

Health: -1/27      AC:  2    Str: 14    XL:     3   Next: 77%
Magic:  4/4        EV: 12    Int: 12    God:
Gold:   46         SH:  0    Dex: 12    Spells: 3/4 levels left

rFire    . . .     SeeInvis +   (no weapon)
rCold    . . .     Faith    .   (no shield)
rNeg     . . .     Spirit   .   d - +0 robe
rPois    .         Reflect  .   (helmet unavailable)
rElec    .         Harm     .   (no cloak)
rCorr    .         Rampage  .   (no gloves)
Will     .....                  (no boots)
Stlth    +.........             (no amulet)
HPRegen  0.09/turn              (no ring)
MPRegen  0.09/turn              (no ring)

@: flying
A: permanent stasis, dig shafts and tunnels, antennae 3, four strong arms
a: Dig, Shaft Self


You were on level 2 of the Dungeon.
You visited 1 branch of the dungeon, and saw 2 of its levels.

You collected 46 gold pieces.

Inventory:

Hand Weapons
 a - a +0 hunting sling
Missiles
 b - 104 stones
 c - 3 sling bullets
 i - a curare-tipped dart (quivered)
Armour
 d - a +0 robe (worn)
Scrolls
 e - 2 scrolls of teleportation {unknown}
 g - 3 scrolls of identify {unknown}
Potions
 h - a potion of invisibility {unknown}


   Skills:
 + Level 2.0 Fighting
 * Level 3.2 Slings
 + Level 2.2 Dodging
 - Level 1.1 Spellcasting
 - Level 3.6 Hexes


You had 3 spell levels left.
You knew the following spells:

 Your Spells              Type           Power      Damage    Failure   Level
a - Corona                Hex            10%        N/A       7%          1

Your spell library contained the following spells:

 Spells                   Type           Power      Damage    Failure   Level
 Slow                     Hex            9%         N/A       10%         2
 Inner Flame              Hex/Fire       5%         N/A       38%         3
 Portal Projectile        Hex/Tloc       10%        N/A       38%         3
 Cause Fear               Hex            4%         N/A       54%         4
 Leda's Liquefaction      Hex/Erth       2%         N/A       80%         4


Dungeon Overview and Level Annotations

Branches:
Dungeon (2/15)

Altars:


Innate Abilities, Weirdness & Mutations

You cannot be hasted, slowed, berserked, paralysed or teleported.
You can dig through walls and to a lower floor.
You have a pair of large antennae on your head. (SInv)
Your four strong arms can wield two-handed weapons with a shield.


Message History

Throw: 3 darts (curare)
Press: ? - help, Q - select action, (/) - cycle Shift-Dir - straight line, f - adder
Aim: an adder (wandering, hasn't noticed you, 38% to hit)
You throw a curare-tipped dart.
The curare-tipped dart misses the adder.
The adder hisses angrily.
Throw: 2 darts (curare)
Press: ? - help, Q - select action, (/) - cycle Shift-Dir - straight line, f/p - adder
Aim: an adder (38% to hit)
You throw a curare-tipped dart. The curare-tipped dart hits the adder.
The adder is poisoned.
The adder convulses.
The adder seems to slow down.
The adder is severely wounded.
You are too injured to fight recklessly!
You hit the adder but do no damage.
The adder is severely wounded.
The adder barely misses you.
You hit the adder but do no damage.
The adder is severely wounded.
The adder closely misses you.
You closely miss the adder.
The adder is severely wounded.
You hit the adder but do no damage.
The adder is severely wounded.
The adder bites you.
* * * LOW HITPOINT WARNING * * *
You are poisoned.
The adder poisons you!
* * * LOW HITPOINT WARNING * * *
You feel sick.
You feel sick. The adder barely misses you.
You feel sick.
You feel sick.
You feel sick.
It was a potion of flight.
You feel very buoyant.
You fly up into the air.
You feel sick.
You are no longer poisoned.
The adder bites you.
You die...

#.########.######
#....)............
#.)###############
#.............#
#...#########.#
#....##.......#
#####...##.####..#
#..........####..#####
#.#...........@......#
#.##..#####.S#####.#
♣. #.(#####..# #.
#.>(......# ♣
#♣........# ..#####..#
♣## #....(...#
#.##.(#### #.P .(#


You could see an adder (poisoned, slow).

Vanquished Creatures
  An adder (D:2)
  5 bats
  4 endoplasms
  3 goblins
  2 hobgoblins (D:1)
  2 quokkas (D:1)
  3 ball pythons (D:1)
  5 kobolds
  4 rats
29 creatures vanquished.

Notes
Turn   | Place    | Note
-------+----------+-------------------------------------------
     0 | D:1      | Nattfarinn the Formicid Arcane Marksman began the quest for
                  | the Orb.
     0 | D:1      | Reached XP level 1. HP: 15/15 MP: 2/2
   506 | D:1      | Reached XP level 2. HP: 21/21 MP: 3/3
   769 | D:1      | Reached XP level 3. HP: 27/27 MP: 4/4
   777 | D:1      | Found a faded altar of an unknown god.
  1421 | D:2      | HP: 1/27 [poisoned by an adder]
  1421 | D:2      | Slain by an adder

Illustrated notes

Levels and vault maps discovered:
D:1:      dpeg_arrival_signposts, layout_basic, basic_ecumenical_altar,
          st_stairs_5
D:2:      layout_loops_ring, serial_forest, infiniplex_forest_clump_double,
          infiniplex_forest_lined_room_3, infiniplex_forest_pool,
          infiniplex_forest_straight_4, infiniplex_forest_clump_tiny,
          infiniplex_forest_lined_room_, infiniplex_forest_lined_4_way,
          uniq_robin

Skill      XL: |  1  2  3 |
---------------+----------+-----
Dodging        | 2 |  2.2
Slings         | 3 |  3.2
Fighting       | 2 |  2.0
Spellcasting   | |  1.1
Hexes          | |  3.6

Action                   || total
-------------------------++-------
Melee: Unarmed           ||     4
 Fire: Hunting sling     ||    85
Throw: Dart              ||     4
 Cast: Corona            ||     1
  Use: Potion            ||     1
Armor: Robe              ||    11
Dodge: Dodged            ||    28

Table legend: (Time is in decaauts)
 A = Elapsed time spent in this place.
 B = Non-inter-level travel time spent in this place.
 C = Inter-level travel time spent in this place.
 D = Time resting spent in this place.
 E = Time spent auto-exploring this place.
 F = Levels seen in this place.
 G = Mean time per level.
                   A        B        C        D        E       F      G
               +--------+--------+--------+--------+--------+-----+--------+
         Total |   1425 |   1406 |     19 |    222 |    995 |   2 |  712.5 |
       Dungeon |   1425 |   1406 |     19 |    222 |    995 |   2 |  712.5 |
               +--------+--------+--------+--------+--------+-----+--------+

Top non-repeatable levels by time:
     D:1: 1272 daAuts
     D:2: 152 daAuts
